 Dungeon Crawl Stone Soup version 0.19-a0-1676-g39ae8cc (webtiles) character file.

8636 khekkus the Destroyer (level 11, -9/72 HPs)
             Began as a High Elf Conjurer on Sept 23, 2016.
             Was a Priest of Vehumet.
             Mangled by an orc warrior
             ... wielding a +2 battleaxe of freezing
              (24 damage)
             ... on level 10 of the Dungeon.
             The game lasted 01:08:52 (15941 turns).

khekkus the Destroyer (High Elf Conjurer)          Turns: 15941, Time: 01:08:53

Health: -9/72      AC:  7    Str:  9    XL:     11   Next: 12%
Magic:  8/21       EV: 17    Int: 21    God:    Vehumet [***...]
Gold:   498        SH:  0    Dex: 16    Spells: 5 memorised, 10 levels left

rFire  . . .     SeeInvis .     a - +0 demon blade
rCold  + . .     Gourm    .     F - +1 robe {MR+}
rNeg   . . .     Faith    .     (no shield)
rPois  .         Spirit   .     v - +0 helmet (curse)
rElec  .         Dismiss  .     p - +1 cloak
rCorr  .         Reflect  .     k - +0 pair of gloves
MR     ++...     Harm     .     (no boots)
Stlth  ++........               (no amulet)
                                n - ring of protection from cold
                                j - ring of wizardry

@: hasted and slowed
A: no striking features
a: Renounce Religion


You were on level 10 of the Dungeon.
You worshipped Vehumet.
Vehumet was most pleased with you.
You were very hungry.

You visited 2 branches of the dungeon, and saw 11 of its levels.

You collected 582 gold pieces.
You spent 84 gold pieces at shops.

Inventory:

Hand Weapons
 a - a +0 demon blade (weapon)
Armour
 k - a +0 pair of gloves (worn)
 p - a +1 cloak (worn)
 v - a cursed +0 helmet (worn)
 E - a +0 robe of cold resistance
 F - a +1 robe of magic resistance (worn)
Jewellery
 f - an uncursed ring of fire
 j - a ring of wizardry (left hand)
 n - a ring of protection from cold (right hand)
Wands
 d - a wand of flame (38/48)
 r - a wand of iceblast (6/15)
 t - a wand of confusion (12/48)
 B - a wand of flame (37/48)
Scrolls
 e - a scroll of silence {unknown}
 g - 4 scrolls of recharging
 m - 2 scrolls of immolation
 u - 2 scrolls of magic mapping
 w - 2 scrolls of remove curse
 C - 2 scrolls of identify
Potions
 o - a potion of cure mutation
 q - 3 potions of flight
 x - a potion of haste
 z - a potion of heal wounds
 A - a potion of cancellation
Books
 b - a book of Conjurations

   Spells                             Type                      Level
   a - Magic Dart                     Conjuration                  1
   b - Searing Ray                    Conjuration                  2
   c - Dazzling Spray                 Conjuration/Hexes            3
   d - Fulminant Prism                Conjuration/Hexes            4
   e - Iskenderun's Mystic Blast      Conjuration                  4
   f - Iskenderun's Battlesphere      Conjuration/Charms           5
Comestibles
 c - 8 bread rations
 l - 4 meat rations


   Skills:
 + Level 5.4 Fighting
 - Level 6.1 Long Blades
 + Level 6.7 Dodging
 - Level 2.1 Stealth
 + Level 6.3 Spellcasting
 + Level 11.6 Conjurations
 + Level 8.8 Charms
 * Level 4.7 Fire Magic


You had 10 spell levels left.
You knew the following spells:

 Your Spells              Type           Power        Failure   Level  Hunger
a - Magic Dart            Conj           ####         1%          1    None
b - Searing Ray           Conj           ######       1%          2    None
c - Iskenderun's Battles  Conj/Chrm      #####...     1%          5    #####..
d - Flame Tongue          Conj/Fire      #####        1%          1    None
e - Ignite Poison         Fire/Tmut/Pois ##......     2%          3    #......


Dungeon Overview and Level Annotations

Branches:
Dungeon (10/15)            Temple (1/1) D:6            Lair (0/6) D:10
    Orc: D:9-12

Altars:
Ashenzari
Cheibriados
Dithmenos
Elyvilon
Fedhas
Gozag
Hepliaklqana
Kikubaaqudgha
Makhleb
Nemelex Xobeh
Okawaru
Qazlal
Ru
Sif Muna
Trog
Uskayaw
Vehumet
Xom
Yredelemnul
Zin
The Shining One

Shops:
D:4 *   D:5 (   D:9 (

Annotations:
D:8 Maurice


Message History

The searing ray hits the wraith.
The wraith is moderately damaged.
You finish channeling your searing ray.
Your battlesphere fires!
The barrage of energy hits the wraith.
The wraith is heavily damaged.
Your battlesphere expends the last of its energy and dissipates.
The wraith hits you!
* * * LOW HITPOINT WARNING * * *
The wraith drains your vigour!
You feel as though you will be slow longer.
The orc warrior barely misses you.
You riposte.
You closely miss the orc warrior. The wraith misses you.
The orc warrior misses you. The wraith closely misses you.
You feel yourself speed up. The wraith hits you.
* * * LOW HITPOINT WARNING * * *
The wraith drains your vigour!
You feel as though you will be slow longer.
The orc warrior hits you with a battleaxe of freezing!!
You die...

........#########..
......................
.....................
#####...###..#####..# #...#
#..# #..# #...# #..# #..#
#####...# #..#####..# #
........###......W..###...#
................@o..).....#
########################... .#
..# ..#
########################..#
..........................###.
..............................
...(..........................


You could see a wraith and an orc warrior.

Vanquished Creatures
  Josephine (D:10)
  Pikel (D:8)
  Joseph (D:8)
  Psyche (D:8)
  A two-headed ogre (D:8)
  2 hippogriffs
  A spriggan (D:8)
  A wyvern (D:9)
  4 wraiths
  2 yaks
  A hungry ghost (D:8)
  Menkaure (D:7)
  2 water moccasins (D:9)
  4 phantoms
  3 sky beasts (D:7)
  2 ice beasts
  A black bear (D:7)
  4 orc warriors
  A necrophage (D:7)
  7 ogres
  4 centaurs
  A crocodile (D:9)
  A gnoll sergeant (D:9)
  5 bullfrogs
  A water moccasin zombie (D:7)
  3 killer bees (D:9)
  3 howler monkeys
  A crimson imp (D:5)
  6 hounds
  3 jellies
  7 orc wizards
  A centaur skeleton (D:10)
  8 orc priests
  A gnoll shaman (D:7)
  2 bullfrog skeletons (D:9)
  Terence (D:3)
  2 iguanas
  8 worker ants
  Natasha (thrice) (D:4)
  A hound skeleton (D:6)
  11 gnolls
  9 adders
  A river rat (D:3)
  2 shadow imps (D:5)
  4 adder skeletons
  5 worms
  2 dart slugs (D:1)
  5 leopard geckos
  51 orcs
  4 ball pythons
  12 giant cockroaches
  7 goblins
  15 hobgoblins
  11 jackals
  5 kobolds
  3 quokkas
  A ball python skeleton (D:4)
  7 bats
  4 frilled lizards
  A jackal skeleton (D:4)
  A quokka skeleton (D:4)
  9 rats
273 creatures vanquished.

Vanquished Creatures (others)
  3 slaves (D:8)
  3 bullfrogs (D:8)
  A jelly (D:8)
  A worker ant (D:8)
  An adder (D:8)
  2 orcs (D:8)
11 creatures vanquished.

Grand Total: 284 creatures vanquished

Notes
Turn   | Place    | Note
-------+----------+-------------------------------------------
     0 | D:1      | khekkus the High Elf Conjurer began the quest for the Orb.
     0 | D:1      | Reached XP level 1. HP: 11/11 MP: 4/4
   263 | D:1      | Reached XP level 2. HP: 17/17 MP: 3/6
   279 | D:1      | Learned a level 2 spell: Searing Ray
   373 | D:1      | Reached skill level 5 in Conjurations
   929 | D:2      | Reached XP level 3. HP: 14/21 MP: 2/7
  1283 | D:2      | Reached skill level 6 in Conjurations
  1406 | D:2      | Reached XP level 4. HP: 27/27 MP: 4/8
  1617 | D:2      | Found a deep blue altar of Sif Muna.
  2823 | D:3      | Reached skill level 7 in Conjurations
  2823 | D:3      | Reached XP level 5. HP: 16/31 MP: 1/9
  3154 | D:3      | Learned a level 5 spell: Iskenderun's Battlesphere
  3190 | D:3      | Noticed Terence
  3203 | D:3      | Killed Terence
  3203 | D:3      | Reached skill level 1 in Charms
  3416 | D:3      | Found a basalt altar of Yredelemnul.
  3588 | D:3      | Found a sparkling altar of Nemelex Xobeh.
  4373 | D:3      | Reached XP level 6. HP: 25/36 MP: 5/10
  5140 | D:4      | Noticed Natasha
  5411 | D:4      | Reached skill level 8 in Conjurations
  5611 | D:4      | Reached XP level 7. HP: 38/41 MP: 4/11
  5962 | D:4      | Found Xiybuojy's Assorted Antiques.
  5975 | D:4      | Bought a scroll labeled QOAWURO SOAMN for 29 gold pieces
  5975 | D:4      | Bought a scroll labeled TESOC ROOLL for 29 gold pieces
  5975 | D:4      | Bought a sedimented ruby potion for 26 gold pieces
  6203 | D:4      | Killed Natasha
  6345 | D:4      | Reached skill level 5 in Charms
  6358 | D:4      | Noticed Natasha
  6359 | D:4      | Killed Natasha
  6489 | D:4      | Noticed Natasha
  6491 | D:4      | Killed Natasha
  6548 | D:4      | Found Xiybuojy's Assorted Antiques.
  6854 | D:5      | Entered Level 5 of the Dungeon
  7025 | D:5      | Found Vema's Weapon Shop.
  7368 | D:5      | Found a shimmering altar of Xom.
  7371 | D:5      | Found a shimmering altar of Xom.
  7380 | D:5      | Found a shimmering altar of Xom.
  7384 | D:5      | You fall through a shaft!
  7403 | D:6      | Reached skill level 1 in Fighting
  7403 | D:6      | Reached skill level 9 in Conjurations
  7538 | D:6      | Reached XP level 8. HP: 48/48 MP: 2/13
  7729 | D:6      | Found a staircase to the Ecumenical Temple.
  7979 | Temple   | Entered the Ecumenical Temple
  8010 | Temple   | Became a worshipper of Vehumet
  8487 | D:6      | Found a blossoming altar of Fedhas.
  9528 | D:5      | You fall through a shaft!
  9949 | D:5      | Found a blossoming altar of Fedhas.
 10269 | D:7      | Reached skill level 10 in Conjurations
 10328 | D:7      | Noticed Menkaure
 10336 | D:7      | Killed Menkaure
 10480 | D:7      | Reached XP level 9. HP: 43/55 MP: 5/16
 11345 | D:7      | Found a sacrificial altar of Ru.
 11476 | D:8      | Reached * piety under Vehumet
 11476 | D:8      | Offered knowledge of Flame Tongue by Vehumet.
 11487 | D:8      | Learned a level 1 spell: Flame Tongue
 11557 | D:8      | Noticed Pikel
 11583 | D:8      | Killed Pikel
 11583 | D:8      | Reached skill level 5 in Dodging
 11775 | D:8      | Reached skill level 5 in Spellcasting
 11775 | D:8      | Reached skill level 11 in Conjurations
 11996 | D:8      | Reached skill level 1 in Fire Magic
 12059 | D:8      | Noticed Psyche
 12186 | D:8      | Killed Psyche
 12211 | D:8      | Noticed Joseph
 12541 | D:7      | Offered knowledge of Throw Frost by Vehumet.
 12541 | D:7      | Reached XP level 10. HP: 65/65 MP: 6/19
 12544 | D:7      | Reached ** piety under Vehumet
 12557 | D:7      | Found a shadowy altar of Dithmenos.
 12811 | D:7      | Reached skill level 1 in Long Blades
 13079 | D:7      | Found a white marble altar of Elyvilon.
 13480 | D:8      | Killed Joseph
 13480 | D:8      | Reached skill level 5 in Long Blades
 13709 | D:8      | Noticed Maurice
 14063 | D:9      | Found a snail-covered altar of Cheibriados.
 14134 | D:9      | Found Syupun's Weapon Boutique.
 14639 | D:9      | Offered knowledge of Ignite Poison by Vehumet.
 14644 | D:9      | Learned a level 3 spell: Ignite Poison
 15052 | D:9      | Reached *** piety under Vehumet
 15052 | D:9      | Reached skill level 5 in Fighting
 15203 | D:10     | Entered Level 10 of the Dungeon
 15203 | D:10     | Found a staircase to the Lair.
 15424 | D:10     | Noticed a hill giant
 15920 | D:10     | Noticed Josephine
 15928 | D:10     | Killed Josephine
 15928 | D:10     | Reached XP level 11. HP: 41/72 MP: 16/21
 15936 | D:10     | Offered knowledge of Conjure Flame by Vehumet.
 15941 | D:10     | Mangled by an orc warrior

Vault maps used:
D:1:      kilobyte_arrival_exit_the_forest, minmay_strange_pillars
D:2:      lemuel_blue_sif_altar
D:3:      marbit_many_paths, nemelex_altar_shiori, portal_sewer_entry_b,
          uniq_terence
D:4:      first_bread, serial_shops, nicolae_shop_window_shopping,
          nrook_mini_backslash, uniq_natasha
D:5:      xom_redecorated, serial_shops, shop_fountains, minivault_14,
          fedhas_altar_fruit_tree
D:6:      kennysheep_mini_moat, solitary_fountain
D:7:      nicolae_overflow_crystal_walls, grunt_temple_overflow_open,
          uniq_menkaure
D:8:      the_bakery, minmay_misc_feat_four_crosses, uniq_joseph, uniq_pikel,
          uniq_psyche, uniq_maurice
D:9:      slow_altar_1, serial_shops, nicolae_shop_behind_doors
D:10:     lair_0_dummy, minivault_14, kennysheep_opposing_triangles,
          uniq_josephine
Temple:   minmay_temple_bridge_abc

Skill      XL: |  1  2  3  4  5  6  7  8  9 10 |
---------------+-------------------------------+-----
Conjurations   | 5 6 7 8 9 10 11 | 11.6
Charms         | 2 4 6 8 |  8.8
Fighting       | 1 2 4 5 |  5.4
Spellcasting   | 4 5 6 |  6.3
Dodging        | 4 5 6 |  6.7
Fire Magic     | 2 4 |  4.7
Long Blades    | 6 |  6.1
Stealth        | |  2.1

Action                   |  1- 3 |  4- 6 |  7- 9 | 10-12 || total
-------------------------+-------+-------+-------+-------++-------
Melee: Dagger            |     6 |    14 |    21 |       ||    41
       Long sword        |       |       |    13 |     8 ||    21
       Demon blade       |       |       |       |     6 ||     6
 Cast: Magic Dart        |    52 |   124 |   173 |   141 ||   490
       Searing Ray       |     4 |    22 |    10 |    13 ||    49
       Iskenderun's Batt |       |       |    46 |    41 ||    87
  Use: Scroll            |       |    12 |     7 |     5 ||    24
       Potion            |       |     1 |     4 |     2 ||     7
  Eat: Chunk             |     2 |    11 |    23 |    12 ||    48
       Meat ration       |       |     1 |       |     1 ||     2
       Bread ration      |       |       |     2 |       ||     2
       Fruit             |       |       |     6 |     2 ||     8
       Beef jerky        |       |       |       |     2 ||     2
Armor: Robe              |     5 |    22 |    30 |    11 ||    68
Dodge: Dodged            |    15 |    53 |    82 |    36 ||   186
